 Dungeon Crawl Stone Soup version 0.23-a0-714-g00c90a0c22 (webtiles) character file.

131 KapersCrawl the Poker (level 5, -1/40 HPs)
             Began as a Merfolk Skald on Jan 16, 2019.
             Was an Initiate of Yredelemnul.
             Slain by an orc wizard
             ... wielding a +0 dagger
              (4 damage)
             ... on level 2 of the Dungeon.
             The game lasted 00:14:08 (3104 turns).

KapersCrawl the Poker (Merfolk Skald)               Turns: 3104, Time: 00:14:08

Health: -1/40      AC:  4    Str: 11    XL:     5   Next: 14%
Magic:  5/8        EV: 13    Int: 19    God:    Yredelemnul [......]
Gold:   103        SH:  3    Dex: 13    Spells: 5/8 levels left

rFire    . . .     SeeInvis .   q - +0 spear
rCold    . . .     Gourm    .   (no shield)
rNeg     . . .     Faith    .   b - +0 leather armour
rPois    .         Spirit   .   (no helmet)
rElec    .         Reflect  +   (no cloak)
rCorr    .         Harm     .   (no gloves)
MR       .....                  c - +0 pair of boots
Stlth    +.........             a - +3 amulet of reflection
HPRegen  0.13/turn              (no ring)
MPRegen  0.11/turn              (no ring)

@: brilliant, infused, very slightly contaminated, invisible
A: change form in water, swift swim, stealthy swim
a: Renounce Religion


You were on level 2 of the Dungeon.
You worshipped Yredelemnul.
Yredelemnul was noncommittal.
You were not hungry.

You visited 1 branch of the dungeon, and saw 3 of its levels.

You collected 103 gold pieces.

Inventory:

Hand Weapons
 q - a +0 spear (weapon)
 w - a +0 hunting sling
Missiles
 j - 82 stones (quivered)
Armour
 b - a +0 leather armour (worn)
 c - a +0 pair of boots (worn)
Jewellery
 a - a +3 amulet of reflection (around neck)
Wands
 t - a wand of clouds (2)
Scrolls
 h - a scroll of noise {unknown}
 i - a scroll of remove curse {unknown}
 l - a scroll of amnesia {unknown}
 m - 2 scrolls of magic mapping {unknown}
 o - 2 scrolls of blinking {unknown}
 p - a scroll of teleportation {unknown}
 r - a scroll of immolation {unknown}
 s - a scroll of enchant weapon {unknown}
 u - a scroll of identify
Potions
 e - a potion of resistance {unknown}
 f - a potion of might {unknown}
 g - 2 potions of haste
 v - a potion of ambrosia {unknown}
Comestibles
 d - 4 rations


   Skills:
 + Level 2.9 Fighting
 + Level 5.3 Polearms
 - Level 0.6 Armour
 + Level 3.5 Dodging
 + Level 1.1 Stealth
 + Level 2.3 Spellcasting
 + Level 3.7 Charms


You had 5 spell levels left.
You knew the following spells:

 Your Spells              Type           Power        Failure   Level  Hunger
a - Infusion              Chrm           ####         1%          1    #......
b - Song of Slaying       Chrm           ####....     1%          2    ##.....

Your spell library contained the following spells:

 Spells                   Type           Power        Failure   Level  Hunger
 Shroud of Golubria       Chrm/Tloc      ###.......   1%          2    ##.....
 Regeneration             Chrm/Necr      ###.......   3%          3    ###....
 Spectral Weapon          Hex/Chrm       ###.....     3%          3    ###....


Dungeon Overview and Level Annotations

Branches:
Dungeon (3/15)

Altars:
Elyvilon
Fedhas
Sif Muna
Yredelemnul
Zin


Message History

The orc wizard is severely wounded.
The orc wizard points at you and mumbles some strange words.
The puff of flame hits you!
* * * LOW HITPOINT WARNING * * *
You hit the orc wizard.
The orc wizard is almost dead.
The orc wizard gestures at you while chanting.
The puff of flame hits you!
* * * LOW HITPOINT WARNING * * *
The orc wizard gestures wildly while chanting.
The orc wizard flickers and vanishes!
Okay, then.
Okay, then.
You fade into invisibility!
You are very lightly contaminated with residual magic.
It was a potion of brilliance.
You feel clever all of a sudden. Something hits you.
You die...
Your body rises from the dead as a mindless zombie.

##.# #.# ..>#
#.# ##.# #.#
#.# #.# ##.#
#.# .### #.#
..## #.# ...#
###########{#
...#
#..........@#
...#
#.###########
..## #.#
.#####.#
##...#.#
.....#.#
.....#'###
.#.......#
.#.......#


There were no monsters in sight!

Vanquished Creatures
  Jessica (D:2)
  Robin (D:3)
  4 adders (D:2)
  An ooze (D:2)
  2 dart slugs (D:2)
  2 orcs (D:3)
  11 goblins
  9 hobgoblins
  2 jackals (D:1)
  4 kobolds
  2 quokkas (D:2)
  2 bats
  5 frilled lizards
  5 rats
51 creatures vanquished.

Notes
Turn   | Place    | Note
-------+----------+-------------------------------------------
     0 | D:1      | KapersCrawl the Merfolk Skald began the quest for the Orb.
     0 | D:1      | Reached XP level 1. HP: 16/16 MP: 3/3
   173 | D:1      | Reached XP level 2. HP: 21/22 MP: 5/5
   187 | D:1      | Learned a level 2 spell: Song of Slaying
   950 | D:2      | Found a white marble altar of Elyvilon.
   962 | D:2      | Noticed Jessica
  1022 | D:2      | Reached XP level 3. HP: 21/28 MP: 2/6
  1057 | D:2      | Found a deep blue altar of Sif Muna.
  1314 | D:2      | Reached skill level 4 in Polearms
  1583 | D:2      | Found a blossoming altar of Fedhas.
  1583 | D:2      | Found a glowing silver altar of Zin.
  1784 | D:2      | Reached XP level 4. HP: 22/34 MP: 1/7
  2194 | D:2      | Killed Jessica
  2194 | D:2      | Reached skill level 1 in Stealth
  2331 | D:3      | Noticed Robin
  2337 | D:3      | Reached skill level 5 in Polearms
  2488 | D:3      | Found a basalt altar of Yredelemnul.
  2494 | D:3      | Became a worshipper of Yredelemnul the Dark
  2540 | D:3      | Killed Robin
  2540 | D:3      | Reached XP level 5. HP: 40/40 MP: 1/8
  3104 | D:2      | Slain by an orc wizard

Vault maps used:
D:1:      nzn_arrival_depleted_hourglass, minmay_misc_feat_enclosed,
          lemuel_old_faithful
D:2:      minmay_diamond_boxcup, lemuel_round_altar,
          gammafunk_temple_overflow_elements, elyvilon_altar_4, uniq_jessica
D:3:      old_standard_altar, uniq_robin

Skill      XL: |  1  2  3  4 |
---------------+-------------+-----
Dodging        | 3 |  3.5
Polearms       | 4 5 |  5.3
Stealth        | 1 |  1.1
Fighting       | |  2.9
Armour         | |  0.6
Spellcasting   | |  2.3
Charms         | |  3.7

Action                   |  1- 3 |  4- 6 || total
-------------------------+-------+-------++-------
Melee: Spear             |   104 |    94 ||   198
 Fire: Hunting sling     |       |     7 ||     7
Throw: Stone             |     8 |     4 ||    12
 Cast: Infusion          |     3 |     4 ||     7
  Use: Scroll            |     1 |     1 ||     2
       Potion            |     1 |     2 ||     3
 Stab: Sleeping          |     1 |     1 ||     2
  Eat: Chunk             |     2 |     5 ||     7
Armor: Leather armour    |    18 |    11 ||    29
Dodge: Dodged            |    48 |    45 ||    93

Table legend:
 A = Non-vault XP
 B = Vault XP
 C = Vault XP percentage of total XP
 D = Non-vault monster count
 E = Vault monster count
 F = Vault count percentage of total count
                 A         B        C        D         E       F
            +---------+---------+-------+---------+---------+-------
      Total |      74 |     114 |  60.6 |      32 |      19 |  37.3
            +---------+---------+-------+---------+---------+-------
        D:1 |      22 |       0 |   0.0 |      15 |       0 |   0.0
        D:2 |      43 |      81 |  65.3 |      13 |       8 |  38.1
        D:3 |       9 |      33 |  78.6 |       4 |      11 |  73.3
            +---------+---------+-------+---------+---------+-------
